 Dungeon Crawl Stone Soup version 0.27-a0-1180-g7fc4abc71e (webtiles) character file.

Game seed: 13098515124656622849

102512 Glokmah the Severer (level 15, -7/125 HPs)
             Began as a Demonspawn Monk on May 17, 2021.
             Was the Champion of Trog.
             Mangled by a five-headed hydra (10 damage)
             ... called by a spriggan druid
             ... on level 2 of the Swamp.
             The game lasted 01:06:04 (22735 turns).

Glokmah the Severer (Demonspawn Monk)              Turns: 22735, Time: 01:06:04

Health: -7/125     AC: 34    Str: 22    XL:     15   Next: 86%
Magic:  15/15      EV: 12    Int: 11    God:    Trog [******]
Gold:   1214       SH:  0    Dex: 24    Spells: 13/14 levels left

rFire    . . .     SeeInvis .   b - +4 battleaxe (flame)
rCold    + . .     Faith    +   (shield currently unavailable)
rNeg     . . .     Spirit   .   d - +10 plate armour of the Farrier {rPois}
rPois    +         Reflect  .   L - +0 helmet
rElec    .         Harm     .   u - +2 cloak {Will+}
rCorr    .         Rampage  .   U - +0 pair of gloves {Stlth+}
Will     +++..                  m - +0 pair of boots
Stlth    ++........             S - amulet "Zueten" {Faith rC+ Slay+3}
HPRegen  0.30/turn              H - +6 ring of strength
MPRegen  0.14/turn              l - +6 ring of dexterity

@: very slightly contaminated, invisible
A: hooves 2, ignite blood 2, powered by death 1, torment resistance 1, sharp
scales 3, demonic willpower
a: Renounce Religion, Berserk, Trog's Hand, Brothers in Arms


You were on level 2 of the Swamp.
You worshipped Trog.
Trog was exalted by your worship.
You visited 5 branches of the dungeon, and saw 26 of its levels.

You collected 2591 gold pieces.
You spent 1377 gold pieces at shops.

Inventory:

Hand Weapons
 a - a +6 spectral executioner's axe
 b - a +4 battleaxe of flaming (weapon)
 t - a +0 antimagic executioner's axe
Missiles
 j - 17 javelins (quivered)
 z - 42 poisoned darts
 A - 5 boomerangs of dispersal
 K - 12 throwing nets
 P - 3 curare-tipped darts
 Q - 7 atropa-tipped darts
Armour
 d - the +10 plate armour of the Farrier (worn) {rPois}
   (You acquired it on level 5 of the Dungeon)

   It protects you from poison.
 m - a +0 pair of boots (worn)
 n - the +2 shield of Resistance {rF++ rC++ Will++}
   (You found it on level 13 of the Dungeon)

   It greatly protects you from fire.
   It greatly protects you from cold.
   It greatly increases your willpower.
 u - a +2 cloak of willpower (worn)
 L - a +0 helmet (worn)
 U - a +0 pair of gloves of stealth (worn)
Jewellery
 l - a +6 ring of dexterity (right hand)
 p - a ring of resist corrosion
 s - a +6 ring of intelligence
 D - a ring of positive energy
 H - a +6 ring of strength (left hand)
 N - the ring "Rofeka" {+Blink rF+}
   (You acquired it on level 6 of the Dungeon)

   [ring of protection from fire]

   It protects you from fire.
   It lets you blink.
 R - a ring of fire
 S - the amulet "Zueten" (around neck) {Faith rC+ Slay+3}
   (You bought it in a shop on level 2 of the Orcish Mines)

   [amulet of faith]

   It allows you to gain divine favour quickly.
   It affects your accuracy and damage with ranged weapons and melee attacks
   (+3).
   It protects you from cold.
 Y - an amulet of the acrobat
Wands
 f - a wand of polymorph (8)
 q - a wand of mindburst (44)
 r - a wand of iceblast (44)
 w - a wand of paralysis (19)
 G - a wand of digging (2)
 M - a wand of charming (12)
 X - a wand of flame (75)
Scrolls
 e - 6 scrolls of enchant weapon
 v - 4 scrolls of identify
 E - 3 scrolls of summoning
 F - a scroll of fog
 I - a scroll of fear
 J - 8 scrolls of teleportation
 V - 3 scrolls of magic mapping
 W - 4 scrolls of noise
Potions
 c - a potion of cancellation
 g - 3 potions of attraction
 h - 6 potions of curing
 i - a potion of resistance
 k - a potion of invisibility
 o - 3 potions of ambrosia
 x - 2 potions of might
 B - 3 potions of lignification
 O - 3 potions of flight
 T - 2 potions of mutation
 Z - 2 potions of haste
Miscellaneous
 y - a phantom mirror


   Skills:
 + Level 13.7 Fighting
 * Level 18.1(18.2) Axes
 - Level 2.2(12.4) Maces & Flails
 - Level 9.2 Armour
 - Level 8.1 Dodging
 - Level 12.7 Stealth
 * Level 4.6 Shields
 - Level 0.1 Spellcasting
 - Level 0.4 Necromancy


You had 13 spell levels left.
You knew the following spells:

 Your Spells              Type           Power      Damage    Failure   Level
a - Animate Skeleton      Necr           2%         N/A       99%         1

Your spell library contained the following spells:

 Spells                   Type           Power      Damage    Failure   Level
 Pain                     Necr           4%         1d4       99%         1
 Gell's Gravitas          Tloc           0%         N/A       100%        3
 Portal Projectile        Hex/Tloc       0%         N/A       100%        3
 Vampiric Draining        Necr           0%         2d6       100%        3
 Animate Dead             Necr           0%         N/A       100%        4
 Passage of Golubria      Tloc           N/A        N/A       100%        4
 Agony                    Necr           1%         N/A       100%        5
 Manifold Assault         Tloc           0%         N/A       100%        5
 Dispersal                Tloc           0%         N/A       100%        6
 Disjunction              Tloc           0%         N/A       100%        8


Dungeon Overview and Level Annotations

Branches:
Dungeon (15/15)            Temple (0/1) D:7            Lair (6/6) D:10
  Swamp (2/4) Lair:4       Spider (0/4) Lair:3        Slime (1/5) Lair:6
    Orc (2/2) D:11            Elf (0/3) Orc:2        Vaults (0/5) D:13
 Depths (0/5) D:15

Altars:
Cheibriados
Dithmenos
Elyvilon
Gozag
Hepliaklqana
Makhleb
Nemelex Xobeh
Qazlal
Sif Muna
Trog
Wu Jian
Xom
Yredelemnul
Jiyva

Shops:
D:5 ([   D:15 *   Orc:2 (**=

Portals:
Trove: D:15 (show abyssal rune of Zot)

Annotations:
Lair:1 exclusion: 3 oklob plants


Innate Abilities, Weirdness & Mutations

You have hoof-like feet.
Your demonic aura often causes spilled blood to erupt in flames.
You regenerate a little health from kills.
You are resistant to unholy torment.
You are completely covered in razor-sharp scales. (AC +3, Slay +3)
You punish those that try to bend your will. (Will+)


Message History

The tyrant leech bites you!!
The tyrant leech draws strength from your injuries!
You are too injured to fight recklessly!
Unknown command.
You are too injured to fight recklessly!
You are too injured to fight recklessly!
Unknown command.
The five-headed hydra is engulfed in blazing flames.
The five-headed hydra bites you. The five-headed hydra bites you!
* * * LOW HITPOINT WARNING * * *
The five-headed hydra barely misses you.
The five-headed hydra closely misses you. x2
The tyrant leech bites you!
* * * LOW HITPOINT WARNING * * *
The tyrant leech draws strength from your injuries!
Okay, then.
Blink to where?
Press: ? - help, Dir - move target Splash!
You fall into the shallow water.
Moving in this stuff is going to be slow.
As you read the scroll of blinking, it crumbles to dust.
There is a stone staircase leading up, spattered with blood here.
Okay, then.
Press: ? - help, v - describe, . - travel A stone staircase leading up, spattered with blood.
You fade into invisibility!
The five-headed hydra bites you.
* * * LOW HITPOINT WARNING * * *
The five-headed hydra bites you but does no damage.
The five-headed hydra barely misses you. x2
The five-headed hydra bites you but does no damage.
You are very lightly contaminated with residual magic.
Welcome back, Glokmah the Demonspawn Monk.
Trog says: Kill them all!
Press ? for a list of commands and other information.
The five-headed hydra bites you!
* * * LOW HITPOINT WARNING * * *
The five-headed hydra bites you!
You die...

≈....≈.≈ ≈≈≈.≈♣
≈≈≈≈♣ ♣≈.♣♣♣ ..♣
♣)♣.♣♣
..=.♣♣w)..♣♣♣♣♣♣♣
.♣.....≈♣♣♣≈...♣♣
♣......≈.≈♣♣.≈≈.≈♣
♣.♣...≈≈≈w≈≈≈≈≈D@♣
....♣♣♣♣♣.≈≈≈≈≈≈.♣
..♣♣ ♣≈≈≈≈§≈.♣♣ ♣
♣.≈≈≈....♣
♣≈.......♣
♣≈.≈≈≈§≈.♣ ♣
♣♣♣♣♣.≈≈≈≈≈≈♣♣
♣♣♣♣♣♣≈.......≈≈.≈♣
≈♣≈.♣≈≈§≈≈....≈≈≈♣♣


You could see a five-headed hydra (strong) and a tyrant leech (strong).

Vanquished Creatures
  Jorgrun (Orc:1)
  A quicksilver ooze (Lair:3)
  Azrael (D:15)
  A dire elephant (D:15)
  A bunyip (Swamp:1)
  The ghost of pantherbaby0 the Thaumaturge, a journeyman DjFE of Makhleb (Lair:3)
  2 eleionomae
  2 fire dragons (D:13)
  2 ice dragons (D:13)
  9 hydras
  5 two-headed ogres
  2 centaur warriors
  A catoblepas (Lair:2)
  3 alligators (Swamp:1)
  8 death yaks
  3 tengu warriors
  Urug (Orc:1)
  A spriggan druid (Swamp:2)
  A goliath frog (Swamp:1)
  A swamp dragon (Swamp:1)
  3 orc knights
  A lindwurm (D:13)
  An orb spider (shapeshifter) (D:14)
  A wolf spider (Lair:3)
  2 deep elf pyromancers
  5 cyclopes
  5 ugly things
  An orc sorcerer (Orc:2)
  A will-o-the-wisp (Swamp:2)
  5 manticores
  6 black mambas
  Joseph (D:8)
  10 elephants
  A naga mage (D:15)
  4 gargoyles
  Maggie (D:6)
  10 cane toads
  2 kobold demonologists (D:12)
  3 rime drakes
  8 komodo dragons
  A freezing wraith (D:13)
  A merfolk (D:9)
  3 tengu conjurers (D:14)
  2 tyrant leeches
  A meliai (shapeshifter) (D:15)
  Grinder (D:6)
  14 polar bears
  3 trolls
  A hornet (D:10)
  20 blink frogs
  3 raiju (Lair:6)
  5 slime creatures
  A dream sheep (Lair:6)
  A snapping turtle (shapeshifter) (D:13)
  3 centaur simulacra
  2 redbacks
  48 yaks
  A shadow (D:10)
  4 wraiths
  3 spriggans (Swamp:2)
  2 water elementals (D:12)
  5 wyverns
  7 fire elementals
  Eustachio (D:4)
  4 fire bats (D:7)
  Grum (D:9)
  7 basilisks
  4 vampire mosquitoes (Swamp:1)
  Menkaure (D:6)
  5 swamp worms
  6 wargs
  15 water moccasins
  17 hell hounds
  34 orc warriors
  4 ice beasts
  17 black bears
  A swamp drake (Swamp:1)
  A necrophage (D:5)
  59 wolves
  6 ogres
  11 centaurs
  3 phantoms (D:11)
  5 gnoll sergeants
  6 kobold brigands
  18 bullfrogs
  A scorpion (D:10)
  A wyvern skeleton (D:6)
  A troll zombie (D:11)
  16 killer bees
  5 howler monkeys
  5 electric eels (D:12)
  3 crimson imps (D:8)
  2 centaur zombies
  A bullfrog zombie (D:5)
  Crazy Yiuf (D:4)
  9 hounds
  12 orc priests
  5 gnoll shamans
  7 jellies
  A bullfrog skeleton (D:6)
  A centaur skeleton (D:6)
  6 hell rats (Lair:6)
  4 iguanas
  22 orc wizards
  5 ogre zombies (D:11)
  A hound zombie (D:3)
  3 hound skeletons
  A howler monkey zombie (D:8)
  49 gnolls
  8 adders
  A shadow imp (D:6)
  2 white imps
  An ufetubus (D:4)
  3 adder skeletons
  2 dart slugs
  71 orcs
  9 ball pythons
  8 endoplasms
  2 giant cockroaches
  10 hobgoblins
  14 jackals
  24 kobolds
  4 quokkas (D:2)
  6 bats
  2 frilled lizards
  6 goblins
  A goblin skeleton (D:11)
  A goblin zombie (D:11)
  5 hobgoblin zombies (D:11)
  2 orc skeletons (D:11)
  10 orc zombies (D:11)
  A quokka zombie (D:3)
  5 rats
  A butterfly (Lair:4)
837 creatures vanquished.

Vanquished Creatures (others)
  A bloated husk (Swamp:1)
  10 foxfires (Swamp:2)
  32 fungi
  60 plants
103 creatures vanquished.

Grand Total: 940 creatures vanquished

Notes
Turn   | Place    | Note
-------+----------+-------------------------------------------
     0 | D:1      | Glokmah the Demonspawn Monk began the quest for the Orb.
     0 | D:1      | Reached XP level 1. HP: 18/18 MP: 1/1
    86 | D:1      | Reached skill level 3 in Axes
   242 | D:1      | Gained mutation: You regenerate a little health from kills.
                  | [demonic ancestry]
   242 | D:1      | Reached XP level 2. HP: 24/24 MP: 2/2
   432 | D:1      | Learned a level 1 spell: Animate Skeleton
   491 | D:1      | Found a faded altar of an unknown god.
   516 | D:1      | Became a worshipper of Trog the Wrathful
   516 | D:1      | Reached * piety under Trog
   516 | D:1      | Reached ** piety under Trog
   641 | D:1      | Gained mutation: You are partially covered in razor-sharp
                  | scales. (AC +1, Slay +1) [demonic ancestry]
   641 | D:1      | Reached XP level 3. HP: 22/29 MP: 3/3
   876 | D:2      | Found a sparkling altar of Nemelex Xobeh.
   954 | D:2      | Reached *** piety under Trog
  1331 | D:2      | Gained mutation: Your demonic aura sometimes causes spilled
                  | blood to erupt in flames. [demonic ancestry]
  1331 | D:2      | Reached XP level 4. HP: 30/37 MP: 4/4
  1709 | D:3      | Reached skill level 4 in Axes
  1923 | D:3      | Reached **** piety under Trog
  1935 | D:3      | Found a basalt altar of Yredelemnul.
  2201 | D:4      | Reached skill level 1 in Maces & Flails
  2245 | D:4      | Reached XP level 5. HP: 42/42 MP: 5/5
  2378 | D:4      | Noticed Eustachio
  2391 | D:4      | Killed Eustachio
  2392 | D:4      | Gained mutation: You have large cloven feet. [demonic
                  | ancestry]
  2392 | D:4      | Reached XP level 6. HP: 49/49 MP: 6/6
  2685 | D:4      | Reached skill level 5 in Axes
  2685 | D:4      | Reached skill level 1 in Armour
  2834 | D:3      | Reached skill level 5 in Fighting
  2834 | D:3      | Gained mutation: You are mostly covered in razor-sharp
                  | scales. (AC +2, Slay +2) [demonic ancestry]
  2834 | D:3      | Reached XP level 7. HP: 24/56 MP: 7/7
  3036 | D:4      | Found a runed translucent door.
  3049 | D:4      | Noticed Crazy Yiuf
  3061 | D:4      | Killed Crazy Yiuf
  3259 | D:4      | Noticed a shadow
  3260 | D:4      | Found a shadowy altar of Dithmenos.
  3261 | D:4      | Found a hazy altar of Hepliaklqana.
  3329 | D:5      | Entered Level 5 of the Dungeon
  3339 | D:5      | Gained mutation: You are completely covered in razor-sharp
                  | scales. (AC +3, Slay +3) [demonic ancestry]
  3339 | D:5      | Reached XP level 8. HP: 63/63 MP: 8/8
  3383 | D:5      | Identified a scroll of acquirement
  3383 | D:5      | Acquired the +10 plate armour of the Farrier {rPois}
  3408 | D:5      | Reached skill level 6 in Axes
  3417 | D:5      | Reached ***** piety under Trog
  3481 | D:5      | Found Vuopofa's Weapon Shoppe.
  3645 | D:5      | Found Zyxzin's Antique Armour Shop.
  3816 | D:5      | Reached skill level 5 in Stealth
  3821 | D:5      | Received a gift from Trog
  3956 | D:5      | Gained mutation: You punish those that try to bend your
                  | will. (Will+) [demonic ancestry]
  3956 | D:5      | Reached XP level 9. HP: 47/69 MP: 9/9
  4079 | D:5      | Reached skill level 7 in Axes
  4079 | D:5      | Reached skill level 5 in Armour
  4311 | D:5      | Found a burning altar of Makhleb.
  4552 | D:5      | Bought a +3 war axe of venom for 233 gold pieces
  4640 | D:6      | Found a snail-covered altar of Cheibriados.
  4687 | D:6      | Noticed Grinder
  4706 | D:6      | Killed Grinder
  4743 | D:6      | Noticed a gargoyle
  4745 | D:6      | Noticed Menkaure
  4748 | D:6      | Killed a gargoyle
  4897 | D:6      | Killed Menkaure
  4898 | D:6      | Reached skill level 8 in Axes
  5083 | D:6      | Acquired the ring "Rofeka" {+Blink rF+}
  5119 | D:6      | Found a sparkling altar of Nemelex Xobeh.
  5120 | D:6      | Found an opulent altar of Gozag.
  5120 | D:6      | Noticed Maggie
  5125 | D:6      | Killed Maggie
  5126 | D:6      | Gained mutation: Your demonic aura often causes spilled
                  | blood to erupt in flames. [demonic ancestry]
  5126 | D:6      | Reached XP level 10. HP: 79/79 MP: 10/10
  5263 | D:7      | Found a stormy altar of Qazlal.
  5292 | D:7      | Received a gift from Trog
  5465 | D:7      | Found a transporter.
  5520 | D:7      | Found a transporter.
  5733 | D:7      | Reached skill level 5 in Dodging
  5816 | D:7      | Found a staircase to the Ecumenical Temple.
  6040 | D:8      | Noticed Joseph
  6047 | D:8      | Killed Joseph
  6061 | D:8      | Reached skill level 9 in Axes
  6477 | D:8      | Found a shimmering altar of Xom.
  6717 | D:9      | Noticed a two-headed ogre
  6718 | D:9      | Noticed Grum
  6723 | D:9      | Killed a two-headed ogre
  6726 | D:9      | Reached XP level 11. HP: 86/86 MP: 11/11
  6729 | D:9      | Killed Grum
  6795 | D:9      | Noticed a two-headed ogre
  6811 | D:9      | Killed a two-headed ogre
  7236 | D:10     | Entered Level 10 of the Dungeon
  7590 | D:10     | Received a gift from Trog
  7755 | D:10     | Found a staircase to the Lair.
  8064 | Lair:1   | Entered Level 1 of the Lair of Beasts
  8079 | Lair:1   | Reached skill level 10 in Axes
  8162 | Lair:1   | Noticed an oklob plant
  8162 | Lair:1   | Noticed an oklob plant
  8178 | Lair:1   | Noticed an oklob plant
  8619 | Lair:1   | Reached skill level 10 in Stealth
  8931 | Lair:2   | You fall into a shaft and drop 1 floor!
  8949 | Lair:3   | Reached skill level 11 in Axes
  8949 | Lair:3   | Reached XP level 12. HP: 95/95 MP: 12/12
  9005 | Lair:2   | Noticed a catoblepas
  9023 | Lair:2   | Killed a catoblepas
  9227 | Lair:2   | Reached ****** piety under Trog
  9231 | Lair:2   | Reached skill level 12 in Axes
  9298 | Lair:2   | Reached skill level 10 in Fighting
  9734 | Lair:3   | Received a gift from Trog
  9781 | Lair:3   | Found a runed translucent gate.
  9781 | Lair:3   | Found a runed translucent gate.
  9781 | Lair:3   | Found a runed translucent gate.
  9781 | Lair:3   | Noticed a quicksilver ooze
  9782 | Lair:3   | Noticed pantherbaby0's ghost (journeyman DjFE)
  9784 | Lair:3   | Found a viscous altar of Jiyva.
  9796 | Lair:3   | Killed a quicksilver ooze
  9810 | Lair:3   | Killed pantherbaby0's ghost
 10045 | Lair:3   | Reached skill level 13 in Axes
 10287 | Lair:3   | Found a hole to the Spider Nest.
 10301 | Lair:3   | Gained mutation: You have hoof-like feet. [demonic
                  | ancestry]
 10301 | Lair:3   | Reached XP level 13. HP: 91/105 MP: 13/13
 10567 | Lair:4   | Found a staircase to the Swamp.
 11040 | Lair:4   | Reached skill level 14 in Axes
 11145 | Lair:4   | Found a shimmering blue altar of Sif Muna.
 11901 | Lair:5   | Received a gift from Trog
 12205 | Lair:6   | Entered Level 6 of the Lair of Beasts
 12295 | Lair:6   | Found a staircase to the Slime Pits.
 12326 | Lair:6   | Reached XP level 14. HP: 115/115 MP: 14/14
 12511 | Lair:6   | Reached skill level 15 in Axes
 12576 | Lair:6   | Received a gift from Trog
 12609 | Lair:6   | Identified the +4 mace "Modwypip" {vorpal, Str+4}
 13165 | Slime:1  | Entered Level 1 of the Pits of Slime
 13417 | D:11     | Acquired a manual of Axes
 13535 | D:11     | Found a staircase to the Orcish Mines.
 13909 | D:11     | Received a gift from Trog
 14061 | Orc:1    | Entered Level 1 of the Orcish Mines
 14062 | Orc:1    | Noticed Jorgrun
 14149 | Orc:1    | Killed Jorgrun
 14262 | Orc:2    | Entered Level 2 of the Orcish Mines
 14262 | Orc:2    | Found a staircase to the Elven Halls.
 14703 | Orc:2    | Reached skill level 16 in Axes
 14771 | Orc:1    | Noticed Urug
 14796 | Orc:1    | Killed Urug
 14814 | Orc:1    | Received a gift from Trog
 15570 | Orc:2    | Found Fuudat's General Store.
 15570 | Orc:2    | Found Zyatzask's Assorted Antiques.
 15572 | Orc:2    | Found Jacwoskokoss's Jewellery Shop.
 15574 | Orc:2    | Found Apre's Weapon Emporium.
 15692 | Orc:2    | Bought the amulet "Zueten" {Faith rC+ Slay+3} for 1065 gold
                  | pieces
 15701 | Orc:2    | Bought a brown potion for 23 gold pieces
 15703 | Orc:2    | Bought a scroll of magic mapping for 56 gold pieces
 16554 | D:12     | Gained mutation: You are resistant to unholy torment.
                  | [demonic ancestry]
 16554 | D:12     | Reached XP level 15. HP: 122/123 MP: 15/15
 16989 | D:12     | Received a gift from Trog
 17585 | D:13     | Found the +2 shield of Resistance {rF++ rC++ Will++}
 17585 | D:13     | Found a runed translucent door.
 17585 | D:13     | Found a runed translucent door.
 18282 | D:13     | Found a gate to the Vaults.
 18339 | D:13     | Reached skill level 17 in Axes
 18778 | D:14     | Found an ornate altar of the Wu Jian Council.
 19762 | D:14     | Reached skill level 1 in Shields
 20074 | D:15     | Entered Level 15 of the Dungeon
 20464 | D:15     | Received a gift from Trog
 20483 | D:15     | Noticed Azrael
 20505 | D:15     | Killed Azrael
 20874 | D:15     | Found Qessal's General Store.
 20941 | D:15     | Found a portal to a secret trove of treasure.
 20964 | D:15     | Found a staircase to the Depths.
 21518 | Swamp:1  | Entered Level 1 of the Swamp
 21697 | Swamp:1  | Reached skill level 18 in Axes
 22735 | Swamp:2  | HP: 3/125 [five-headed hydra[a spriggan druid] (16)]
 22735 | Swamp:2  | Mangled by a five-headed hydra

Illustrated notes

Levels and vault maps discovered:
D:1:      minmay_arrival_three_doors, layout_rooms,
          ebering_ecumenical_altar_webs, minmay_box_of_dots
D:2:      layout_rooms, basic_altar
D:3:      layout_rooms, lemuel_zombie_altar_yredelemnul, minmay_unequal
D:4:      cheibrodos_pilgrimage, layout_basic,
          riverfiend_overflow_shadow_ancestor, chequers_serial_rivers_large_b,
          minmay_crystal_water, minmay_manual_mares, uniq_eustachio,
          uniq_crazy_yiuf_cottage
D:5:      layout_cave_pools, makhleb_blood_cavern_becter, serial_shops,
          shop_statue, serial_gnoll_camp, gnoll_camp_mini_sergeant,
          gnoll_camp_huts_moat, gnoll_camp_mini_loothouse, gnoll_camp_mini_shop,
          gnoll_camp_mini_doghouse, gnoll_camp_mini_doghouse, minmay_circle_x
D:6:      layout_rooms, grunt_temple_overflow_opulence, kennysheep_slug_shrine,
          old_standard_altar, serial_bayou_pond_e, corexii_hall_statues_deadend,
          grunt_decor_fettered, uniq_grinder, uniq_maggie, uniq_menkaure
D:7:      gammafunk_cloud_chamber, layout_rooms,
          nicolae_qazlal_scattered_showers, minmay_temple_entry_enclosed_plants,
          minmay_quadrilaterals
D:8:      layout_cave_pools, led_xom_imps, kennysheep_another_room, uniq_joseph
D:9:      layout_roguey, chequers_serial_rivers_small_a, hangedman_fish_farm,
          uniq_grum
D:10:     layout_loops_corners, grunt_lair_entry_orc_guard_hut
D:11:     layout_roguey, zombieorc1_lemuel
D:12:     layout_basic
D:13:     layout_basic, david_vaults_4, minmay_guarded_unrand_resistance
D:14:     kennysheep_cluttered_fort, layout_layer_cave,
          nzn_wu_jian_contemplation
D:15:     hangedman_depths_entry_try_elsewhere_first, layout_rooms,
          serial_shops, shop_fountains, enter_trove_0, roderic_lattice_a,
          uniq_azrael
Lair:1:   layout_misc_corridors, minmay_lair_oklob_chamber, grunt_megastairs_5
Lair:2:   layout_regular_city, lemuel_fruit_tree, infiniplex_staircase_pool_2
Lair:3:   layout_roguey, spider_nest_entry_funnel_web, gammafunk_ghost_ooze,
          serial_rivers, chequers_serial_rivers_room_a,
          chequers_serial_rivers_small_b, chequers_serial_rivers_large_a,
          chequers_serial_rivers_small_a, chequers_serial_rivers_micro_d,
          grunt_forest_large_clearings, lemuel_fruit_fields,
          serial_bayou_shore_b
Lair:4:   layout_small_grid, swamp_mist, basic_altar, lemuel_fruit_fields
Lair:5:   layout_long_grid, st_stairs_4
Lair:6:   hangedman_lair_caniforms_friends, layout_gridlike, wormcave,
          minmay_slime_entry_oklob_open
Swamp:1:  layout_basic_swamp, nicolae_swamp_dense_foliage
Swamp:2:  layout_basic_swamp, nicolae_swamp_tree_designs
Slime:1:  layout_caves
Orc:1:    layout_diamond_mine, sword_in_stone, uniq_jorgrun
Orc:2:    st_orc_rangers, layout_diamond_mine, nicolae_orc_stony_grotto,
          nicolae_orc_lava_room

Skill      XL: |  1  2  3  4  5  6  7  8  9 10 11 12 13 14 15 |
---------------+----------------------------------------------+-----
Axes           | 3 4 5 6 8 9 11 13 14 16 18 | 18.1
Fighting       | 4 5 6 7 9 10 12 13 | 13.7
Maces & Flails | 1 2 |  2.2
Armour         | 2 3 4 6 8 9 |  9.2
Stealth        | 2 3 5 7 8 10 12 | 12.7
Dodging        | 3 4 5 7 8 |  8.1
Shields        | 4 |  4.6
Spellcasting   | |  0.1
Necromancy     | |  0.4

Action                   |  1- 3 |  4- 6 |  7- 9 | 10-12 | 13-15 || total
-------------------------+-------+-------+-------+-------+-------++-------
Melee: Hand axe          |   120 |    11 |       |       |       ||   131
       Whip              |       |   119 |   344 |       |       ||   463
       War axe           |       |       |    66 |   203 |       ||   269
       Battleaxe         |       |       |       |   216 |   660 ||   876
       Executioner's axe |       |       |       |       |   149 ||   149
Invok: Berserk           |       |     3 |     8 |     7 |     8 ||    26
       Trog's Hand       |       |       |       |       |     1 ||     1
       Brothers in Arms  |       |       |       |       |     1 ||     1
 Abil: Evoke Blink       |       |       |       |     1 |       ||     1
  Use: Scroll            |       |       |    15 |    12 |     8 ||    35
       Potion            |       |       |     1 |     3 |     1 ||     5
 Stab: Sleeping          |     4 |     7 |       |     1 |     9 ||    21
       Distracted        |       |       |       |       |     2 ||     2
Armor: Robe              |    36 |     5 |       |       |       ||    41
       Leather armour    |       |    23 |    14 |       |       ||    37
       Chain mail        |       |       |    23 |       |       ||    23
       Plate armour      |       |       |   349 |   419 |   656 ||  1424
Dodge: Dodged            |    89 |   101 |   199 |   243 |   510 ||  1142

Table legend: (Time is in decaauts)
 A = Elapsed time spent in this place.
 B = Non-inter-level travel time spent in this place.
 C = Inter-level travel time spent in this place.
 D = Time resting spent in this place.
 E = Time spent auto-exploring this place.
 F = Levels seen in this place.
 G = Mean time per level.
                   A        B        C        D        E       F      G
               +--------+--------+--------+--------+--------+-----+--------+
         Total |  23018 |  21316 |   1702 |   2034 |  13279 |  26 |  885.3 |
       Dungeon |  14752 |  13726 |   1026 |   1299 |   8814 |  15 |  983.5 |
          Lair |   5365 |   4813 |    552 |    134 |   3247 |   6 |  894.2 |
         Swamp |   1286 |   1228 |     58 |    374 |    602 |   2 |  643.0 |
    Slime Pits |      1 |      1 |      0 |      0 |      0 |   1 |    1.0 |
  Orcish Mines |   1612 |   1547 |     65 |    226 |    615 |   2 |  806.0 |
               +--------+--------+--------+--------+--------+-----+--------+

Top non-repeatable levels by time:
    D:12: 1667 daAuts
    D:14: 1363 daAuts
    D:13: 1293 daAuts
    D:15: 1270 daAuts
     D:5: 1242 daAuts
  Lair:3: 1128 daAuts
     D:4: 1122 daAuts
   Orc:2: 1034 daAuts
  Lair:4: 984 daAuts
  Lair:6: 974 daAuts
 Swamp:1: 915 daAuts
    D:11: 898 daAuts
    D:10: 887 daAuts
     D:1: 884 daAuts
  Lair:2: 780 daAuts
